 Dungeon Crawl Stone Soup version 0.21.1-1-g345015f (webtiles) character file.

81 inc the Shield-Bearer (level 4, 0/31 HPs)
             Began as an Octopode Fighter on Apr 25, 2018.
             Slain by an orc wizard
             ... wielding a cursed +0 dagger
              (1 damage)
             ... on level 3 of the Dungeon.
             The game lasted 00:02:13 (1554 turns).

inc the Shield-Bearer (Octopode Fighter)            Turns: 1554, Time: 00:02:14

Health: 0/31       AC:  1    Str: 15    XL:     4   Next: 42%
Magic:  4/4        EV: 17    Int: 10    God:
Gold:   129        SH:  0    Dex: 17    Spells: 3/3 levels left

rFire    . . .     SeeInvis .   a - +0 flail
rCold    . . .     Gourm    .   b - +0 shield
rNeg     . . .     Faith    .   (helmet restricted)
rPois    .         Spirit   .   (no amulet)
rElec    .         Reflect  .   (no ring)
rCorr    .         Harm     .   (no ring)
MR       .....                  (no ring)
Stlth    +++.......             (no ring)
HPRegen  0.10/turn              (no ring)
MPRegen  0.09/turn              (no ring)
                                (no ring)
                                (no ring)

@: confused, agile
A: almost no armour, stealthy swim, amphibious, 8 rings, constrict 8, camouflage
1, gelatinous body 1
a: no special abilities


You were on level 3 of the Dungeon.
You were not hungry.

You visited 1 branch of the dungeon, and saw 3 of its levels.

You collected 129 gold pieces.

Inventory:

Hand Weapons
 a - a +0 flail (weapon)
Armour
 b - a +0 shield (worn)
Jewellery
 g - an uncursed ring of magical power {unknown}
 j - a +4 ring of strength {unknown}
Scrolls
 h - 2 scrolls of remove curse {unknown}
 i - a scroll of magic mapping {unknown}
 k - 2 scrolls of identify {unknown}
 l - a scroll of fear {unknown}
Potions
 c - 2 potions of might
 f - a potion of invisibility
Comestibles
 d - 3 rations


   Skills:
 - Level 3.0 Fighting
 + Level 3.4 Maces & Flails
 - Level 3.0 Dodging
 + Level 4.1 Shields


You had 3 spell levels left.
You didn't know any spells.

Dungeon Overview and Level Annotations

Branches:
Dungeon (3/15)

Altars:
Ashenzari


Innate Abilities, Weirdness & Mutations

You cannot wear most types of armour.
You are very stealthy in the water. (Stealth+)
You are amphibious.
You can wear up to eight rings at the same time.
You can use your tentacles to constrict eight enemies at once.
Your skin changes colour to match your surroundings (Stealth+).
Your rubbery body absorbs attacks. (AC +1, EV +1)


Message History

You feel agile all of a sudden.
The orc wizard hits you but does no damage.
The orc wizard misses you.
You're too confused to move!
The orc wizard completely misses you. The orc wizard closely misses you.
You bump into the rock wall.
The orc wizard barely misses you. The orc wizard hits you with a dagger.
* * * LOW HITPOINT WARNING * * *
It was a potion of magic.
Magic courses through your body.
The orc wizard hits you but does no damage.
The orc wizard completely misses you.
You're too confused to move!
The orc wizard closely misses you.
The orc wizard gestures wildly while chanting.
The orc wizard flickers and vanishes!
Deactivating autopickup; reactivate with Ctrl-A.
You thump the orc wizard!
The orc wizard is heavily wounded.
The orc wizard hits you but does no damage.
Something hits you.
You die...

#########
#.####@.......
#...<{o#######
###..### #..#
####


You could see an orc wizard.

Vanquished Creatures
  2 adders (D:2)
  4 worms (D:2)
  2 dart slugs
  2 orcs (D:3)
  2 giant cockroaches
  6 goblins
  7 hobgoblins
  3 jackals (D:1)
  A ball python (D:2)
  7 bats
  2 frilled lizards
  2 kobolds
  6 rats
46 creatures vanquished.

Notes
Turn   | Place    | Note
-------+----------+-------------------------------------------
     0 | D:1      | inc the Octopode Fighter began the quest for the Orb.
     0 | D:1      | Reached XP level 1. HP: 16/16 MP: 1/1
   220 | D:1      | Reached XP level 2. HP: 21/21 MP: 2/2
   227 | D:1      | Found a shattered altar of Ashenzari.
   856 | D:2      | Reached XP level 3. HP: 19/26 MP: 3/3
  1101 | D:2      | Found a faded altar of an unknown god.
  1121 | D:2      | Reached skill level 4 in Shields
  1121 | D:2      | Reached XP level 4. HP: 23/31 MP: 4/4
  1551 | D:3      | HP: 1/31 [orc wizard/dagger (3)]
  1554 | D:3      | Slain by an orc wizard

Skill      XL: |  1  2  3 |
---------------+----------+-----
Maces & Flails | 3 |  3.4
Shields        | 4 |  4.1
Fighting       | |  3.0
Dodging        | |  3.0

Action                   |  1- 3 |  4- 6 || total
-------------------------+-------+-------++-------
Melee: Flail             |    65 |    34 ||    99
       Constrict         |    18 |     7 ||    25
       Tentacles         |    13 |     8 ||    21
  Use: Potion            |     2 |     2 ||     4
 Stab: Sleeping          |     5 |     3 ||     8
       Distracted        |     1 |       ||     1
  Eat: Chunk             |     1 |     1 ||     2
Armor: Skin              |    12 |     8 ||    20
Dodge: Dodged            |    38 |    27 ||    65
Block: Shield            |    36 |     9 ||    45
